 Dungeon Crawl Stone Soup version 0.27-a0-1081-ge8a0a9c698 (webtiles) character file.

Game seed: 17391497862420837602

134023 tardwrangler69 the Warrior (level 17, 0/127 HPs)
             Began as an Octopode Earth Elementalist on Apr 25, 2021.
             Was a High Priest of Vehumet.
             Succumbed to a ghost moth's poison
             ... on level 3 of the Spider Nest.
             The game lasted 01:11:03 (46520 turns).

tardwrangler69 the Warrior (OpEE)                  Turns: 46520, Time: 01:11:03

Health: 0/127      AC:  2    Str:  6 (7)  XL:     17   Next: 16%
Magic:  0/39       EV: 26    Int: 39      God:    Vehumet [*****.]
Gold:   1866       SH: 13    Dex: 23 (25) Spells: 9/35 levels left

rFire    + . .     SeeInvis .   G - staff of poison
rCold    + . .     Faith    .   g - +2 buckler {reflect}
rNeg     + . .     Spirit   .   l - +1 hat
rPois    +         Reflect  +   A - amulet "Qacoteq" {Reflect Dex+5 SH+5}
rElec    +         Harm     .   T - ring "Pomitsex" {rElec rPois Int+6 Stlth-}
rCorr    .         Rampage  .   r - ring of protection from cold
Will     ++...                  v - ring "Lilanone" {rF+ Int+4}
Stlth    +++++.....             B - ring of wizardry
HPRegen  0.31/turn              D - ring "Xiguz" {rN+ Int+4}
MPRegen  0.26/turn              p - ring of the Cicada {Will+ Int+2 Dex+6}
                                C - ring of magical power
                                w - ring of Shadows {Umbra +Inv Stlth+}

@: lethally poisoned (0 -> -7), unable to drink, wreathed by umbra
A: no potions, almost no armour, amphibious, 8 rings, camouflage 1, gelatinous
body 1, (nimble swimmer 1), tentacles
a: Renounce Religion, Evoke Invisibility


You were on level 3 of the Spider Nest.
You worshipped Vehumet.
Vehumet was extremely pleased with you.
You visited 5 branches of the dungeon, and saw 28 of its levels.
You also visited: Gauntlet and Ice Cave.

You collected 3281 gold pieces.
You spent 1415 gold pieces at shops.

Inventory:

Hand Weapons
 c - a +3 dagger of speed
Missiles
 b - 287 stones
 V - 17 silver javelins
Armour
 g - a +2 buckler of reflection (worn)
 l - a +1 hat (worn)
 O - the +0 kite shield of Xuhoj {rC+ Str+2 Int+6}
   (You found it on level 14 of the Dungeon)

   It affects your strength (+2).
   It affects your intelligence (+6).
   It protects you from cold.
Magical Staves
 j - a staff of earth
 G - a staff of poison (weapon)
Jewellery
 p - the ring of the Cicada (on tentacle) {Will+ Int+2 Dex+6}
   (You found it on level 13 of the Dungeon)

   [ring of dexterity]

   It affects your intelligence (+2).
   It affects your dexterity (+6).
   It increases your willpower.
 q - a ring of poison resistance
 r - a ring of protection from cold (right tentacle)
 v - the ring "Lilanone" (on tentacle) {rF+ Int+4}
   (You acquired it on level 9 of the Dungeon)

   [ring of protection from fire]

   It affects your intelligence (+4).
   It protects you from fire.
 w - the ring of Shadows (on tentacle) {Umbra +Inv Stlth+}
   (You took it off a centaur on level 11 of the Dungeon)

   [ring of stealth]

   It lets you turn invisible.
   It makes you more stealthy.
 A - the amulet "Qacoteq" (around mantle) {Reflect Dex+5 SH+5}
   (You found it on level 8 of the Dungeon)

   [amulet of reflection]

   It reflects blocked missile attacks.
   It affects your dexterity (+5).
   It affects your SH (+5).
 B - a ring of wizardry (on tentacle)
 C - a ring of magical power (on tentacle)
 D - the ring "Xiguz" (on tentacle) {rN+ Int+4}
   (You found it on level 8 of the Dungeon)

   [ring of positive energy]

   It affects your intelligence (+4).
   It protects you from negative energy.
 E - a ring of willpower
 H - a ring of ice
 M - a +6 ring of dexterity
 Q - a ring of resist corrosion
 T - the ring "Pomitsex" (left tentacle) {rElec rPois Int+6 Stlth-}
   (You found it on level 1 of the Spider Nest)

   [ring of intelligence]

   It affects your intelligence (+6).
   It insulates you from electricity.
   It protects you from poison.
   It makes you less stealthy.
 U - the ring "Ittex" {Fly Int+2 SInv}
   (You found it in a Gauntlet)

   [ring of flight]

   It affects your intelligence (+2).
   It lets you see invisible.
   It grants you flight.
Wands
 X - a wand of acid (2)
Scrolls
 e - 8 scrolls of teleportation
 h - 2 scrolls of fog
 i - a scroll of silence
 m - 3 scrolls of vulnerability
 s - a scroll of magic mapping
 t - 8 scrolls of amnesia
 u - 2 scrolls of fear
 y - 4 scrolls of immolation
 z - 3 scrolls of enchant armour
 F - 13 scrolls of identify
 N - 3 scrolls of enchant weapon
 P - a scroll of torment
 W - 3 scrolls of brand weapon
Potions
 a - 3 potions of attraction
 d - 10 potions of ambrosia
 f - 2 potions of brilliance
 k - 3 potions of flight
 n - 4 potions of mutation
 o - 4 potions of heal wounds
 x - 10 potions of curing
 I - 3 potions of berserk rage
 J - a potion of invisibility
 K - a potion of might {unknown}
 L - a potion of resistance
 R - 3 potions of magic
 S - 2 potions of cancellation
Miscellaneous
 Y - a phantom mirror


   Skills:
 - Level 15.2 Fighting
 - Level 15.0 Dodging
 - Level 2.6 Stealth
 - Level 4.0 Shields
 * Level 9.6 Spellcasting
 - Level 6.0 Conjurations
 - Level 9.3 Transmutations
 + Level 10.0 Ice Magic
 - Level 10.0 Earth Magic
 - Level 8.0 Poison Magic


You had 9 spell levels left.
You knew the following spells:

 Your Spells              Type           Power      Damage    Failure   Level
a - Sandblast             Erth           100%       2d20      1%          1
b - Stone Arrow           Conj/Erth      100%       3d13      1%          3
c - Lee's Rapid Deconstr  Erth           38%        3d20*     1%          5
d - Olgreb's Toxic Radia  Pois           89%        N/A       1%          4
e - Statue Form           Tmut/Erth      50%        N/A       2%          6
f - Ozocubu's Refrigerat  Ice            39%        4d12      3%          7

Your spell library contained the following spells:

 Spells                   Type           Power      Damage    Failure   Level
 Orb of Destruction       Conj           30%        9d11      14%         7
 Animate Skeleton         Necr           36%        N/A       1%          1
 Apportation              Tloc           36%        N/A       1%          1
 Corona                   Hex            20%        N/A       1%          1
 Foxfire                  Conj/Fire      100%       2x1d9     1%          1
 Magic Dart               Conj           100%       1d8       1%          1
 Shock                    Conj/Air       100%       1d9       1%          1
 Sting                    Tmut/Pois      100%       1d8       1%          1
 Summon Small Mammal      Summ           72%        N/A       1%          1
 Blink                    Tloc           N/A        N/A       1%          2
 Call Imp                 Summ           18%        N/A       1%          2
 Passwall                 Tmut/Erth      63%        N/A       1%          2
 Poisonous Vapours        Pois/Air       100%       N/A       1%          2
 Searing Ray              Conj           100%       3d7       1%          2
 Slow                     Hex            18%        N/A       1%          2
 Static Discharge         Conj/Air       42%        N/A       1%          2
 Conjure Flame            Conj/Fire      42%        6-21      1%          3
 Dazzling Flash           Conj/Hex       84%        N/A       1%          3
 Ignite Poison            Fire/Tmut/Pois 77%        N/A       1%          3
 Inner Flame              Hex/Fire       18%        N/A       1%          3
 Mephitic Cloud           Conj/Pois/Air  70%        N/A       1%          3
 Fulminant Prism          Conj/Hex       21%        3d13      1%          4
 Iskenderun's Mystic Bla  Conj/Tloc      42%        2d10      1%          4
 Petrify                  Tmut/Erth      76%        N/A       1%          4
 Sticky Flame             Conj/Fire      42%        2d6       1%          4
 Summon Ice Beast         Ice/Summ       55%        N/A       1%          4
 Fireball                 Conj/Fire      21%        3d10      1%          5
 Irradiate                Conj/Tmut      34%        3d25      1%          5
 Lightning Bolt           Conj/Air       21%        1d36      1%          5
 Yara's Violent Unravell  Hex/Tmut       26%        3d11      1%          5
 Swiftness                Air            18%        N/A       2%          3
 Tukima's Dance           Hex            18%        N/A       2%          3
 Airstrike                Air            9%         N/A       2%          4
 Metabolic Englaciation   Hex/Ice        27%        N/A       2%          5
 Blade Hands              Tmut           37%        N/A       2%          6
 Cause Fear               Hex            9%         N/A       8%          4
 Dragon Form              Tmut           37%        N/A       16%         7
 Silence                  Hex/Air        9%         N/A       21%         5
 Summon Forest            Summ/Tloc      9%         N/A       21%         5
 Summon Mana Viper        Hex/Summ       18%        N/A       21%         5
 Spellforged Servitor     Conj/Summ      21%        N/A       41%         7
 Invisibility             Hex            18%        N/A       71%         6
 Shadow Creatures         Summ           N/A        N/A       71%         6
 Summon Hydra             Summ           9%         N/A       99%         7
 Discord                  Hex            9%         N/A       100%        8


Dungeon Overview and Level Annotations

Branches:
Dungeon (15/15)            Temple (1/1) D:7            Lair (6/6) D:10
 Shoals (0/4) Lair:4       Spider (4/4) Lair:3        Slime (0/5) Lair:5
    Orc (2/2) D:10            Elf (0/3) Orc:2        Vaults (0/5) D:14
 Depths (0/5) D:15          IceCv (visited)         Gauntlet (visited)

Altars:
Ashenzari
Cheibriados
Dithmenos
Elyvilon
Fedhas
Gozag
Hepliaklqana
Kikubaaqudgha
Makhleb
Nemelex Xobeh
Okawaru
Qazlal
Ru
Sif Muna
Trog
Uskayaw
Vehumet
Wu Jian
Xom
Yredelemnul
Zin
The Shining One
Beogh
Jiyva

Shops:
D:2 ?   Orc:2 !*[:(!

Annotations:
Lair:1 1 runed translucent door, Jukk's ghost, journeyman DECj
Spider:1 Roxanne
Spider:3 Jorgrun


Innate Abilities, Weirdness & Mutations

You cannot drink.
You cannot wear most types of armour.
You are amphibious.
You can wear up to eight rings at the same time.
Your skin changes colour to match your surroundings (Stealth+).
Your rubbery body absorbs attacks. (AC +1, EV +1)
((You are camouflaged near water. (Stealth+)))
You have tentacles for arms and can constrict up to eight enemies at once.


Message History

You block something's attack. Something stings you!
* * * LOW HITPOINT WARNING * * *
There is a lethal amount of poison in your body!
You cannot drink potions in your current state!
Blink to where?
Press: ? - help, Dir - move target
As you read the scroll of blinking, it crumbles to dust.
* * * LOW HITPOINT WARNING * * *
You feel very sick.
Okay, then.
You cannot drink potions in your current state!
Okay, then.
Unknown command.
Casting: Ozocubu's Refrigeration (dangerous; 3% risk of failure)
Confirm with . or Enter, or press ? or * to list all spells.
You don't have enough magic to cast this spell.
Casting: Ozocubu's Refrigeration (dangerous; 3% risk of failure)
Confirm with . or Enter, or press ? or * to list all spells.
Okay, then.
Unknown command.
Casting: Ozocubu's Refrigeration (dangerous; 3% risk of failure)
Confirm with . or Enter, or press ? or * to list all spells.
You don't have enough magic to cast this spell.
Okay, then.
Unknown command.
G - a staff of poison (weapon)
* * * LOW HITPOINT WARNING * * *
You feel sick.
You feel you are being watched by something.
You feel your power leaking away.
As you read the scroll of teleportation, it crumbles to dust.
You feel strangely unstable.
* * * LOW HITPOINT WARNING * * *
You feel very sick.
You feel you are being watched by something.
* * * LOW HITPOINT WARNING * * *
You feel very sick.
You feel you are being watched by something.
Your surroundings suddenly seem different.
You die...

##.### ### #
#### ######
.#.## #.@..#
...^### #...^..#
#^....###
.......^##
###.....#
#......###
†.##....#
###...##
^..###..# ....
...^.#.^###....#
.....##...#..##
......##..##


There were no monsters in sight!

Vanquished Creatures
  Arachne (Spider:2)
  Frances (D:14)
  A frost giant (D:13)
  An orc warlord (Orc:2)
  A reaper (IceCv)
  2 entropy weavers (Spider:1)
  A minotaur (Gauntlet)
  An ettin (D:15)
  Snorg (Lair:4)
  8 hydras
  Harold (D:11)
  2 boulder beetles (D:15)
  A catoblepas (Lair:6)
  2 vault guards (D:14)
  11 two-headed ogres
  3 centaur warriors
  3 tengu warriors
  A death yak (Lair:3)
  Urug (Lair:4)
  A hell knight (D:15)
  4 orc high priests (Orc:2)
  Nergalle (Lair:3)
  A wizard (D:15)
  A deep troll (D:15)
  2 deep elf pyromancers
  6 orc knights
  16 wolf spiders
  9 orb spiders
  4 orc sorcerers (Orc:2)
  A manticore (D:11)
  2 moths of wrath
  9 cyclopes
  3 ugly things (D:15)
  A merfolk siren (Lair:4)
  21 elephants
  A cane toad (shapeshifter) (D:14)
  2 ice statues (IceCv)
  4 black mambas
  13 cane toads
  3 torpor snails
  A smoke demon (D:13)
  2 unseen horrors
  3 gargoyles
  9 demonic crawlers
  10 komodo dragons
  A yaktaur (D:15)
  An efreet (D:13)
  A freezing wraith (D:10)
  2 tengu conjurers (D:15)
  7 rime drakes
  11 ice devils
  17 jumping spiders
  A queen bee (Lair:3)
  5 polar bears
  5 trolls
  3 merfolk (Lair:4)
  3 blink frogs (Lair:3)
  7 hornets
  10 slime creatures
  7 dream sheep
  A snapping turtle (shapeshifter) (D:14)
  A shadow (D:13)
  2 meliai zombies
  10 spriggans (Lair:6)
  51 yaks
  31 redbacks
  17 tarantellas
  4 wraiths
  A vampire (D:8)
  7 wyverns
  9 humans (D:14)
  3 basilisks
  11 vampire mosquitoes
  Menkaure (D:6)
  2 wargs
  3 acid dragons
  15 water moccasins
  2 ice beasts
  30 orc warriors
  A black bear (shapeshifter) (D:8)
  7 black bears
  2 necrophages
  A sky beast (D:7)
  4 boggarts (Lair:6)
  6 ogres
  29 wolves
  12 centaurs
  12 bullfrogs
  A kobold brigand (D:8)
  2 gnoll sergeants (D:8)
  4 scorpions
  A wyvern zombie (D:9)
  A water moccasin zombie (D:6)
  A wyvern skeleton (D:7)
  27 killer bees
  5 wights (D:8)
  5 crimson imps
  A howler monkey (D:5)
  6 centaur zombies
  A bullfrog zombie (D:5)
  23 orc priests
  A bullfrog skeleton (D:5)
  3 hounds
  A jelly (D:5)
  2 centaur skeletons
  3 iguanas (D:6)
  26 orc wizards
  A scorpion zombie (D:5)
  2 hound skeletons (D:4)
  4 gnolls (D:5)
  2 howler monkey zombies
  5 adders
  A shadow imp (D:7)
  10 white imps
  7 ufetubi
  An adder skeleton (D:4)
  5 dart slugs
  63 orcs
  8 endoplasms
  3 giant cockroaches
  7 goblins
  7 hobgoblins
  6 kobolds
  2 quokkas
  4 ball pythons
  3 bats
  4 frilled lizards
  4 rats
792 creatures vanquished.

Vanquished Creatures (others)
  A human (D:14)
  8 white imps (IceCv)
  An ufetubus (IceCv)
  A butterfly (Lair:4)
  64 fungi
  61 plants
136 creatures vanquished.

Grand Total: 928 creatures vanquished

Notes
Turn   | Place    | Note
-------+----------+-------------------------------------------
     0 | D:1      | tardwrangler69 the Octopode Earth Elementalist began the
                  | quest for the Orb.
     0 | D:1      | Reached XP level 1. HP: 11/11 MP: 3/3
   256 | D:1      | Reached XP level 2. HP: 17/17 MP: 5/5
   797 | D:2      | Reached XP level 3. HP: 19/21 MP: 6/6
   935 | D:2      | Found Cixticka's Magic Scroll Shop.
   970 | D:2      | Bought a scroll of teleportation for 30 gold pieces
  1246 | D:2      | Found a faded altar of an unknown god.
  1421 | D:3      | Noticed a killer bee
  1421 | D:3      | Noticed a killer bee
  1422 | D:3      | Noticed a killer bee
  1422 | D:3      | Noticed a killer bee
  1423 | D:3      | Noticed a killer bee
  1761 | D:3      | Learned a level 3 spell: Stone Arrow
  2062 | D:3      | Reached XP level 4. HP: 17/27 MP: 4/8
  2373 | D:3      | Reached XP level 5. HP: 31/31 MP: 9/9
  2558 | D:3      | Reached skill level 5 in Earth Magic
  3085 | D:4      | Learned a level 5 spell: Lee's Rapid Deconstruction
  3197 | D:4      | Noticed a centaur
  3420 | D:4      | Noticed an ogre
  3426 | D:4      | Killed an ogre
  3427 | D:4      | Reached XP level 6. HP: 16/36 MP: 6/11
  4422 | D:4      | Reached XP level 7. HP: 41/41 MP: 11/13
  4640 | D:5      | Entered Level 5 of the Dungeon
  4796 | D:5      | Found a bloodstained altar of Trog.
  5401 | D:5      | Reached skill level 5 in Spellcasting
  5401 | D:5      | Reached XP level 8. HP: 46/46 MP: 5/15
  6164 | D:6      | Noticed Menkaure
  6167 | D:6      | Killed Menkaure
  6472 | D:6      | Found a burning altar of Makhleb.
  6473 | D:6      | Found a radiant altar of Vehumet.
  7242 | D:7      | Reached XP level 9. HP: 50/51 MP: 11/18
  7305 | D:7      | Reached skill level 1 in Conjurations
  7347 | D:7      | Reached skill level 10 in Earth Magic
  8064 | D:7      | Found a staircase to the Ecumenical Temple.
  8279 | Temple   | Entered the Ecumenical Temple
  8408 | D:6      | Became a worshipper of Vehumet
  8460 | D:8      | Reached skill level 5 in Conjurations
 10202 | D:8      | Reached skill level 5 in Dodging
 10202 | D:8      | Reached XP level 10. HP: 56/56 MP: 8/19
 10290 | D:8      | Noticed a cyclops
 10872 | D:9      | Identified 2 scrolls of acquirement
 10872 | D:9      | Acquired a +2 buckler of reflection
 10881 | D:9      | Acquired the ring "Lilanone" {rF+ Int+4}
 10931 | D:9      | Reached * piety under Vehumet
 10931 | D:9      | Offered knowledge of Magic Dart by Vehumet.
 11033 | D:9      | Reached skill level 1 in Shields
 11982 | D:10     | Entered Level 10 of the Dungeon
 12336 | D:10     | Noticed an elephant
 12580 | D:10     | Killed an elephant
 13000 | D:10     | Found a glowing silver altar of Zin.
 13006 | D:10     | Found an opulent altar of Gozag.
 13016 | D:10     | Found a shimmering altar of Xom.
 13057 | D:10     | Identified the +2 robe of Xekkiama {rCorr Str+4}
 13148 | D:10     | Found a staircase to the Lair.
 13219 | D:10     | Noticed an orc knight
 13284 | D:10     | Reached XP level 11. HP: 61/61 MP: 11/20
 13425 | D:10     | Offered knowledge of Freeze by Vehumet.
 13426 | D:10     | Killed an orc knight
 13426 | D:10     | Reached ** piety under Vehumet
 13427 | D:10     | Reached skill level 10 in Dodging
 13652 | D:10     | Found a staircase to the Orcish Mines.
 13781 | D:10     | Found a snail-covered altar of Cheibriados.
 13790 | D:10     | Found a glowing golden altar of the Shining One.
 13939 | D:8      | Killed a cyclops
 14102 | D:8      | Identified the amulet "Cyecan" {Faith rF+}
 14155 | D:8      | Identified the amulet "Qacoteq" {Reflect Dex+5 SH+5}
 14158 | D:8      | Identified the amulet of Comm {RegenMP Str+5}
 14169 | D:8      | Identified the ring "Xiguz" {rN+ Int+4}
 14261 | Lair:1   | Entered Level 1 of the Lair of Beasts
 14291 | Lair:1   | Noticed a seven-headed hydra
 14297 | Lair:1   | Killed a seven-headed hydra
 14774 | Lair:1   | Found a runed translucent door.
 15175 | Lair:1   | Identified the +6 trident "Fipivaw" {freeze, rC+ Str+2
                  | Int-4 SInv}
 15179 | Lair:1   | Noticed Jukk's ghost (journeyman DECj)
 15305 | Lair:1   | Noticed a spriggan rider
 15523 | Lair:2   | Offered knowledge of Searing Ray by Vehumet.
 15748 | Lair:2   | Reached XP level 12. HP: 66/66 MP: 11/21
 15814 | Lair:2   | Reached *** piety under Vehumet
 16566 | Lair:3   | Noticed a death yak
 16566 | Lair:3   | Noticed Nergalle
 16602 | Lair:3   | Found a hole to the Spider Nest.
 16626 | Lair:3   | Reached skill level 1 in Fighting
 16811 | Lair:3   | Found a broken altar of Ashenzari.
 17117 | Lair:3   | Killed a death yak
 17525 | Lair:3   | Killed Nergalle
 17525 | Lair:3   | Offered knowledge of Hailstorm by Vehumet.
 18328 | Lair:4   | Noticed Urug
 18451 | Lair:4   | Killed Urug
 18452 | Lair:4   | Reached skill level 15 in Dodging
 18602 | Lair:4   | Reached skill level 5 in Fighting
 18703 | Lair:4   | Identified the Papyrus of Supportive Lightness
 18720 | Lair:4   | Reached XP level 13. HP: 83/83 MP: 10/22
 18810 | Lair:4   | Reached **** piety under Vehumet
 19129 | Lair:4   | Offered knowledge of Ignite Poison by Vehumet.
 19251 | Lair:4   | Noticed Snorg
 19264 | Lair:4   | Killed Snorg
 19830 | Lair:4   | Found a staircase to the Shoals.
 20800 | Lair:5   | You fall into a shaft and drop 1 floor!
 20800 | Lair:6   | Entered Level 6 of the Lair of Beasts
 21104 | Lair:5   | Found a viscous altar of Jiyva.
 21104 | Lair:5   | Found a staircase to the Slime Pits.
 21201 | Lair:5   | Reached skill level 10 in Fighting
 23452 | Lair:6   | Reached XP level 14. HP: 103/103 MP: 8/23
 25008 | Lair:6   | Reached ***** piety under Vehumet
 25231 | Lair:6   | Offered knowledge of Olgreb's Toxic Radiance by Vehumet.
 25237 | Lair:6   | Learned a level 4 spell: Olgreb's Toxic Radiance
 25327 | Lair:6   | Reached skill level 1 in Poison Magic
 25684 | Lair:6   | Identified the +2 leather armour of Anarchy {Fly rPois}
 26751 | D:2      | Bought a scroll of acquirement for 520 gold pieces
 26751 | D:2      | Bought a scroll of teleportation for 30 gold pieces
 26751 | D:2      | Bought a scroll of magic mapping for 35 gold pieces
 26751 | D:2      | Acquired a book of Transfigurations
 26761 | D:2      | Learned a level 6 spell: Statue Form
 27262 | D:11     | Noticed Harold
 27269 | D:11     | Killed Harold
 27270 | D:11     | Reached skill level 5 in Poison Magic
 30068 | Orc:1    | Entered Level 1 of the Orcish Mines
 30136 | Orc:2    | Entered Level 2 of the Orcish Mines
 30162 | Orc:2    | Reached XP level 15. HP: 108/114 MP: 21/24
 30257 | Orc:2    | Found Adufok's Distillery.
 30271 | Orc:2    | Found a gate leading to a gauntlet.
 30281 | Gauntlet | Entered a Gauntlet
 30281 | Gauntlet | Found a transporter.
 30281 | Gauntlet | Found a transporter.
 30285 | Gauntlet | Found a transporter.
 30285 | Gauntlet | Found a transporter.
 30287 | Gauntlet | Found a transporter.
 30295 | Gauntlet | Found a transporter.
 30362 | Gauntlet | Found a transporter.
 30374 | Gauntlet | Found a transporter.
 30388 | Gauntlet | Found a transporter.
 30398 | Gauntlet | Found a transporter.
 30413 | Gauntlet | Found a transporter.
 30419 | Gauntlet | Found a transporter.
 30525 | Gauntlet | Identified the ring "Ittex" {Fly Int+2 SInv}
 30550 | Gauntlet | Identified the +0 pair of boots of the Guardian {rC+ rCorr
                  | Str+4}
 30877 | Gauntlet | Identified the +1 ring mail of Satisfaction {Dex+4}
 30933 | Orc:2    | Bought 2 potions of magic for 192 gold pieces
 31022 | Orc:2    | Found Lengac's Distillery.
 32020 | Orc:2    | Reached skill level 15 in Fighting
 32311 | Orc:2    | Noticed an orc warlord
 32362 | Orc:2    | Killed an orc warlord
 32737 | Orc:2    | Offered knowledge of Ozocubu's Refrigeration by Vehumet.
 32746 | Orc:2    | Learned a level 7 spell: Ozocubu's Refrigeration
 32958 | Orc:2    | Found a staircase to the Elven Halls.
 33387 | Orc:2    | Found Buriucadd's Antique Armour Boutique.
 33388 | Orc:2    | Found Efili's Antique Weapon Shop.
 33390 | Orc:2    | Found Daja's General Store.
 33390 | Orc:2    | Found Duiff's Book Boutique.
 33395 | Orc:2    | Bought a scroll of teleportation for 48 gold pieces
 33951 | Orc:1    | Found a shimmering blue altar of Sif Muna.
 34440 | D:13     | Found a frozen archway.
 34446 | IceCv    | Entered an ice cave
 34939 | IceCv    | Reached skill level 5 in Transmutations
 36581 | IceCv    | Acquired 772 gold pieces
 37468 | D:13     | Identified the ring of Xom's Entertainment {Fly Slay+2
                  | Stlth+}
 37468 | D:13     | Noticed a frost giant
 37476 | D:13     | Killed a frost giant
 38277 | D:13     | Identified Loirat's Compendium of Execration
 38280 | D:13     | Identified the ring of the Cicada {Will+ Int+2 Dex+6}
 38498 | D:14     | Reached skill level 1 in Ice Magic
 38756 | D:14     | Found a blossoming altar of Fedhas.
 38997 | D:14     | Reached XP level 16. HP: 122/122 MP: 24/25
 39303 | D:14     | Found a gate to the Vaults.
 39316 | D:14     | Identified the +0 kite shield of Xuhoj {rC+ Str+2 Int+6}
 39606 | D:14     | Reached skill level 5 in Ice Magic
 39781 | D:14     | Noticed Frances
 39956 | D:14     | Killed Frances
 40449 | D:15     | Entered Level 15 of the Dungeon
 41157 | D:15     | Found a staircase to the Depths.
 41407 | D:15     | Offered knowledge of Lightning Bolt by Vehumet.
 42406 | Spider:1 | Entered Level 1 of the Spider Nest
 42653 | Orc:2    | Bought a Young Poisoner's Handbook for 560 gold pieces
 43338 | Spider:1 | Identified the ring "Pomitsex" {rElec rPois Int+6 Stlth-}
 43458 | Spider:1 | Noticed Roxanne
 43486 | Spider:2 | Noticed Arachne
 44770 | Spider:2 | Killed Arachne
 45134 | Spider:3 | Offered knowledge of Orb of Destruction by Vehumet.
 45767 | Spider:3 | Reached XP level 17. HP: 98/127 MP: 28/29
 46102 | Spider:3 | Noticed Jorgrun
 46174 | Spider:4 | Entered Level 4 of the Spider Nest
 46507 | Spider:4 | Reached skill level 10 in Ice Magic
 46518 | Spider:3 | HP: 5/127 [poisoned by a ghost moth]
 46519 | Spider:3 | HP: 2/127 [poisoned by a ghost moth]
 46520 | Spider:3 | Succumbed to a ghost moth's poison

Illustrated notes

Levels and vault maps discovered:
D:1:      minmay_arrival_stair_chambers, layout_rooms
D:2:      layout_rooms, chequers_ecumenical_altar_simple, serial_shops, shop,
          hangedman_decor_push
D:3:      layout_loops_ring
D:4:      layout_basic
D:5:      layout_basic, kennysheep_mini, minmay_misc_feat_iff
D:6:      layout_loops_ring, grunt_temple_overflow_lords_of_destruction,
          uniq_menkaure
D:7:      layout_rooms, minmay_temple_entry_poolview, kennysheep_cluttered_room
D:8:      minmay_the_grid_triangle_9x9_rhombus_thin
          [minmay_the_grid_triangle_9x9_wacky_v,
          minmay_the_grid_triangle_9x9_prize_special,
          minmay_the_grid_triangle_9x9_sprig,
          minmay_the_grid_triangle_9x9_pentomino_pain], layout_basic
D:9:      layout_gridville
D:10:     layout_rooms, minitemple, minmay_overflow_temple_star_quad,
          david_lair_generic, david_orc_5
D:11:     layout_irregular_city, serial_column_ruins, column_ruins_hut_water,
          column_ruins_square_medium, column_ruins_columns_dead_end,
          column_ruins_corridor_straight, column_ruins_open_large,
          column_ruins_grid_1, uniq_harold
D:12:     layout_long_grid
D:13:     cheibrodos_monumental, layout_rooms, portal_ice_cave_entry_pillars_2,
          minmay_fire_ice_demons
D:14:     layout_grid_maze, ximxim_vaults_locker_room, fedhas_altar_1,
          uniq_frances
D:15:     hangedman_depths_entry_civil_slaughter, layout_basic,
          chequers_serial_rivers_micro_d
Temple:   jpeg_temple_clearing
Lair:1:   layout_roguey, ebering_ghost_funeral_grove
Lair:2:   layout_misc_corridors, grunt_megastairs_5
Lair:3:   layout_cave_pods, spider_nest_entry_web_field, special_room
          [special_room_bee], basic_altar, grunt_megastairs_3, uniq_nergalle
Lair:4:   layout_cave_pods, elwin_shoals_entry_stream,
          chequers_serial_rivers_small_3, lemuel_old_faithful,
          lemuel_fruit_fields, uniq_snorg, uniq_urug
Lair:5:   layout_cave_pods, dpeg_slime_entry_enclosed_altar,
          gammafunk_lair_bear_cave, serial_bayou_shore_b,
          infiniplex_staircase_pool_2
Lair:6:   minmay_lair_end_enchanted_forest, layout_layer_cave
Spider:1: layout_spider_delve, uniq_roxanne, uniq_josephine
Spider:2: layout_spider_delve, uniq_arachne
Spider:3: layout_spider_delve, uniq_louise, uniq_jorgrun
Spider:4: grunt_spider_rune_island, guppyfry_spider_mini_1
Orc:1:    layout_caves, kennysheep_orc_sif_temple
Orc:2:    st_orc_congregation, layout_diamond_mine, gauntlet_entry_generic,
          serial_shops, shop, nicolae_shop_crystal

Skill      XL: |  1  2  3  4  5  6  7  8  9 10 11 12 13 14 15 16 17 |
---------------+----------------------------------------------------+-----
Earth Magic    | 4 5 6 7 9 10 | 10.0
Spellcasting   | 3 4 5 6 8 9 |  9.6
Conjurations   | 6 |  6.0
Dodging        | 5 9 13 15 | 15.0
Shields        | 4 |  4.0
Fighting       | 5 12 14 15 | 15.2
Poison Magic   | 8 |  8.0
Transmutations | 9 |  9.3
Ice Magic      | 3 9 10 | 10.0
Stealth        | |  2.6

Action                   |  1- 3 |  4- 6 |  7- 9 | 10-12 | 13-15 | 16-18 || total
-------------------------+-------+-------+-------+-------+-------+-------++-------
Melee: Dagger            |    78 |    23 |       |       |       |       ||   101
       Constrict         |    14 |     5 |     2 |     3 |     5 |       ||    29
       Tentacles         |     9 |     2 |     1 |     2 |     8 |       ||    22
       Unarmed           |     1 |       |       |       |       |       ||     1
       Staff             |       |       |     8 |     8 |    28 |       ||    44
 Cast: Sandblast         |    19 |    23 |    46 |   121 |   216 |    50 ||   475
       Stone Arrow       |       |     4 |    99 |   155 |   557 |   204 ||  1019
       Lee's Rapid Decon |       |       |     2 |    42 |    64 |    24 ||   132
       Olgreb's Toxic Ra |       |       |       |       |    57 |    23 ||    80
       Ozocubu's Refrige |       |       |       |       |       |    31 ||    31
       Statue Form       |       |       |       |       |       |     2 ||     2
Evoke: Wand              |       |       |       |     2 |     2 |       ||     4
  Use: Scroll            |       |     1 |    10 |     8 |    13 |     4 ||    36
       Potion            |       |       |     5 |     1 |     3 |     1 ||    10
 Stab: Sleeping          |     8 |     4 |       |       |       |       ||    12
Armor: Skin              |     4 |     2 |     3 |     2 |    19 |    24 ||    54
Dodge: Dodged            |    44 |    12 |    39 |    68 |   393 |   156 ||   712
Block: Buckler           |       |       |       |    47 |   340 |   130 ||   517
       Reflection        |       |       |       |     5 |    10 |     5 ||    20

Table legend: (Time is in decaauts)
 A = Elapsed time spent in this place.
 B = Non-inter-level travel time spent in this place.
 C = Inter-level travel time spent in this place.
 D = Time resting spent in this place.
 E = Time spent auto-exploring this place.
 F = Levels seen in this place.
 G = Mean time per level.
                   A        B        C        D        E       F      G
               +--------+--------+--------+--------+--------+-----+--------+
         Total |  46637 |  44116 |   2521 |   2621 |  35822 |  30 | 1554.6 |
       Dungeon |  23354 |  22030 |   1324 |   1300 |  18462 |  15 | 1556.9 |
        Temple |     82 |     68 |     14 |      0 |     68 |   1 |   82.0 |
          Lair |  12485 |  11810 |    675 |    603 |   9478 |   6 | 2080.8 |
   Spider Nest |   3799 |   3576 |    223 |    121 |   3028 |   4 |  949.8 |
  Orcish Mines |   3880 |   3598 |    282 |    138 |   2715 |   2 | 1940.0 |
      Ice Cave |   2402 |   2402 |      0 |    243 |   1803 |   1 | 2402.0 |
      Gauntlet |    631 |    631 |      0 |    216 |    268 |   1 |  631.0 |
               +--------+--------+--------+--------+--------+-----+--------+

Top non-repeatable levels by time:
  Lair:5: 3105 daAuts
   Orc:2: 3101 daAuts
  Lair:6: 2936 daAuts
     D:8: 2546 daAuts
   IceCv: 2402 daAuts
     D:9: 2355 daAuts
    D:14: 2260 daAuts
  Lair:3: 1998 daAuts
  Lair:4: 1988 daAuts
     D:3: 1820 daAuts
    D:15: 1639 daAuts
    D:11: 1634 daAuts
     D:6: 1610 daAuts
    D:10: 1609 daAuts
    D:13: 1581 daAuts
